woodfighter, lawful female giant Barbarian ------ +# --- |.....###### # . |....| # # . |....| # + # . |....| ##################### --.--- ### # # ### ### # ### # # ############# ## ######## #--------# f --|-|------- #|......|############`o |..........| #|...<..|# -@- |..........-#####|*......# |..%. |..........| #.......|# |drPkfx | |....*.....| #--------## .rlvfZFo..- -----|------ ##%######## ----------- # woodfighter the Bandit Experience level: 6 Strength: 18/05 Dexterity: 17 Constitution: 18 Intelligence: 7 Wisdom: 7 Charisma: 6 Health: 0(67) Energy: 14(14) Def: 12 Gold: 0 Moves: 5303 Dungeon seed: m-IR-AFY_CnZgGlJ Game ID: woodfighter_1541791449 Your Inventory: Weapons a - a +0 battle-axe (weapon in hand) b - a +0 short sword (alternate weapon; not wielded) Armor e - an uncursed +0 dented pot (being worn) H - an uncursed +0 pair of elven boots (being worn) Comestibles C - an uncursed eucalyptus leaf M - 2 uncursed sprigs of wolfsbane T - an uncursed tin of quasit meat W - an uncursed fortune cookie Wands m - a wand of enlightenment (0:13) x - a wand of make invisible (0:6) B - a wand of enlightenment (0:13) Tools f - an uncursed towel s - an uncursed sack F - a can of grease (0:1) Boulders/Statues n - an uncursed boulder o - an uncursed boulder p - an uncursed boulder z - an uncursed boulder N - an uncursed boulder Y - an uncursed boulder Contents of the sack: 212 gold pieces a blessed scroll of enchant armor a [cursed] scroll of enchant armor a [uncursed] scroll of enchant weapon 3 uncursed scrolls of identify 2 uncursed scrolls of magic mapping a blessed scroll of remove curse an uncursed potion of blindness an uncursed potion of booze a [uncursed] potion of extra healing a [uncursed] potion of gain ability 2 [cursed] potions of hallucination a [uncursed] potion of hallucination a [uncursed] potion of healing a blessed potion of levitation an uncursed potion of monster detection an uncursed potion of paralysis 2 potions of unholy water a [uncursed] ring of aggravate monster a cursed ring of protection from shape changers an uncursed ring of sustain ability an uncursed chrysoberyl an uncursed touchstone Spells and supernatural/magical abilities: Name Level Category Fail Memory W - pray for help -- divine ? -- Your skills at the end: Miscellaneous Skills bare handed combat [Basic] Weapon Skills axe [Skilled] short sword [Basic] sling [Basic] Spellcasting Skills Final Attributes: You were piously aligned. You were poison resistant. Your writing hand was ok. You had infravision. You were very stealthy. You are dead. Vanquished creatures: a large dog a large cat a blue jelly a rock piercer a gray ooze 2 straw golems a kitten a homunculus 2 iguanas 15 hill orcs a jitterbug 4 orc zombies 2 geckos 2 giant rats 5 cave spiders a brown mold 3 yellow molds a red mold 2 gnomes 4 jackals a kobold 4 newts 3 goblins a sewer rat 9 grid bugs 5 lichens a kobold zombie 75 creatures vanquished. Voluntary challenges: You did not adorn yourself with jewelry or accessories. You did not cause conflict. You were not invisible. You did not have reflection. You were not displaced. You had been an atheist until turn 2107. You used a wielded weapon 85 times, starting on turn 4. You did not apply a unicorn horn. You did not use plumbed fixtures. You did not drink any magical draughts. You were illiterate. You never genocided any monsters. You never polymorphed an object. You never changed form. You used no wishes. You never split a pudding. You never wrote Elbereth's name. You never violated your personal moral code. Dungeon overview: The Dungeons of Doom: levels 1 to 7 Level 1 a sink a long staircase Level 2 a general store Level 3 stairs to The Gnomish Mines Level 4 a general store, some fountains Level 5 a general store, an altar to Crom Level 6 many fountains Level 7 <- You were here The Gnomish Mines: Level 4 stairs to The Dungeons of Doom History has recorded: On T:1 you entered the Dungeons of Doom to retrieve the Amulet of Yendor! On T:200 you reached level 2 of The Dungeons of Doom. On T:1164 you advanced to experience level 2. On T:1184 you reached level 3 of The Dungeons of Doom. On T:1698 you advanced to experience level 3. On T:1893 you reached level 1 of The Gnomish Mines. On T:1972 you reached level 4 of The Dungeons of Doom. On T:2107 you prayed to Mitra. On T:2472 you reached level 5 of The Dungeons of Doom. On T:2480 you advanced to experience level 4. On T:2981 you prayed to Mitra. On T:3530 you reached level 6 of The Dungeons of Doom. On T:4004 you prayed to Mitra. On T:4152 you advanced to experience level 5. On T:4220 you reached level 7 of The Dungeons of Doom. On T:5208 you advanced to experience level 6. Score breakdown: Gold: 212 ( 21 points) Experience: 6 levels ( 500 points) Exploration: 7 levels ( 180 points) Discoveries: 26 items ( 1300 points) Variety of kills: 27 monsters ( 1350 points) Major goal: (nothing yet) ( 0 points) Survival: died (score multiplied by 3) Total score: 10053 Latest messages: You kill the hill orc! The hill orc picks up a chain mail. The hill orc puts on a chain mail. The hill orc picks up a scimitar. You swing your battle-axe in a wide arc. You smite the hill orc! The hill orc wields a scimitar! The hill orc swings her scimitar at you. The hill orc slashes you! You swing your battle-axe in a wide arc. You smite the hill orc! The hill orc wields an orcish dagger! The hill orc swings her scimitar at you. The hill orc misses. You swing your battle-axe in a wide arc. You kill the hill orc! The hill orc thrusts her orcish dagger at you. The hill orc stabs you! You swing your battle-axe in a wide arc. You kill the hill orc! The hill orc picks up an orcish helm. The hill orc wields an orcish dagger! You swing your battle-axe in a wide arc. You smite the hill orc! The hill orc thrusts her orcish dagger at you. The hill orc stabs you! You die... Final status: Goodbye woodfighter the Barbarian, killed by a hill orc... You died in The Dungeons of Doom on dungeon level 7 with 10053 points, and 212 pieces of gold, after 5303 moves. You were level 6 with a maximum of 67 hit points when you died.